 Dungeon Crawl Stone Soup version 0.30-a0-782-ge64f9170bb (console) character file.

Game seed: 14601848074982810154

8379 utis the Zephyrmancer (level 11, -2/66 HPs)
             Began as a Tengu Wanderer on Feb 26, 2023.
             Slain by a catoblepas (5 damage)
             ... while petrified by a catoblepas
             ... on level 1 of the Lair of Beasts.
             The game lasted 01:12:36 (15833 turns).

utis the Zephyrmancer (Tengu Wanderer)             Turns: 15833, Time: 01:12:37

Health: -2/66      AC:  9    Str: 21    XL:     11   Next: 29%
Magic:  18/18      EV:  2    Int: 16    God:
Gold:   356        SH:  0    Dex: 19    Spells: 0/18 levels left

rFire   + . .      SeeInvis .    a - +9 falchion {protect, rPois Int+2}
rCold   . . .      Faith    .    (no shield)
rNeg    + + +      Spirit   .    n - +3 leather armour of Wisdom {rF+ Str+5}
rPois   ∞          Reflect  .    (helmet restricted)
rElec   .          Harm     .    D - +1 cloak {Will+}
rCorr   .          Rampage  .    b - +0 pair of gloves
Will    +....                    (boots unavailable)
Stlth   +                        (no amulet)
HPRegen 0.31/turn                X - +6 ring of dexterity
MPRegen 0.16/turn                Z - ring of wizardry

@: mighty, petrified, flying quickly and evasively, quick
A: beak, talons 3, nimble flight
a: no special abilities


You were on level 1 of the Lair of Beasts.
You visited 2 branches of the dungeon, and saw 11 of its levels.
You also visited: Ossuary.

You collected 564 gold pieces.
You spent 208 gold pieces at shops.

Inventory:

Hand Weapons
 a - the +9 falchion of Xust (weapon) {protect, rPois Int+2}
   (You found it on level 3 of the Dungeon)

   Int:       It affects your intelligence (+2).
   rPois:     It protects you from poison.
 q - a +1 dagger of electrocution
 r - a +0 quarterstaff
 t - a +3 trident of freezing
 x - a +4 quarterstaff of chaos
 y - a +0 halberd
 A - a +1 hand axe of draining
 O - a +4 shortbow
 P - a +0 dire flail
 S - a +5 scimitar
 V - a +1 spectral quarterstaff
Missiles
 j - 5 javelins
 z - a throwing net {=f}
Armour
 b - a +0 pair of gloves (worn)
 d - a +0 leather armour
 e - a +0 kite shield of poison resistance
 f - a +0 chain mail
 i - a +0 leather armour
 k - a +0 buckler
 n - the +3 leather armour of Wisdom (worn) {rF+ Str+5}
   (You found it on level 2 of the Dungeon)

   Str:       It affects your strength (+5).
   rF:        It protects you from fire.
 v - a +0 scale mail
 w - a scarf of repulsion
 D - a +1 cloak of willpower (worn)
 I - +0 steam dragon scales
Jewellery
 C - a ring of protection from cold
 N - a ring of positive energy
 X - a +6 ring of dexterity (left hand)
 Z - a ring of wizardry (right hand)
Wands
 F - a wand of roots (10)
 M - a wand of digging (1)
 T - a wand of flame (39)
 U - a wand of charming (4)
Scrolls
 c - 7 scrolls of teleportation {@r4}
 g - 4 scrolls of blinking
 l - 3 scrolls of amnesia
 o - 2 scrolls of enchant armour
 p - a scroll of brand weapon
 s - 2 scrolls of immolation
 K - 2 scrolls of identify {@r1}
 Q - 2 scrolls of fear
 R - 2 scrolls of fog {unknown}
Potions
 h - 5 potions of curing {@q1}
 m - 6 potions of flight
 u - a potion of brilliance
 B - 2 potions of mutation {!q}
 E - a potion of might
 G - a potion of invisibility {unknown}
 H - a potion of heal wounds {@q2}
 J - 2 potions of haste {@q3}
 L - a potion of cancellation {unknown}
 W - a potion of magic {unknown}


   Skills:
 - Level 6.7 Fighting
 - Level 1.2(2.8) Short Blades
 - Level 4.0(4.1) Long Blades
 - Level 1.1 Staves
 + Level 9.6 Dodging
 - Level 4.0 Shields
 - Level 4.0 Spellcasting
 - Level 8.0 Conjurations
 - Level 2.0 Translocations
 - Level 2.0 Ice Magic
 - Level 12.0 Air Magic
 - Level 2.0 Poison Magic
 - Level 3.0 Evocations


You couldn't memorise any spells.
You knew the following spells:

 Your Spells              Type           Power      Damage    Failure   Level
k - Airstrike             Air            20%        2d(3-19)  1%          4
p - Mephitic Cloud        Conj/Pois/Air  26%        N/A       1%          3
z - Shock                 Conj/Air       100%       1d9       1%          1
W - Hailstorm             Conj/Ice       19%        3d6       3%          3
X - Cigotuvi's Dreadful   Necr/Pois/Air  36%        N/A       1%          2
Y - Vhi's Electric Charg  Tloc/Air       50%        N/A       1%          3
Z - Poisonous Vapours     Pois/Air       50%        N/A       1%          2

Your spell library contained the following spells:

 Spells                   Type           Power      Damage    Failure   Level
 Freeze                   Ice            36%        1d5       3%          1
 Frozen Ramparts          Ice            18%        1d3       11%         3
 Inner Flame              Hex/Fire       3%         N/A       22%         3
 Cause Fear               Hex            1%         N/A       56%         4
 Discord                  Hex            1%         N/A       100%        8


Dungeon Overview and Level Annotations

Branches:
Dungeon (10/15)            Temple (0/1) D:7            Lair (1/5) D:9
Ossuary (visited)
    Orc: D:9-12

Altars:
Dithmenos
Elyvilon
Fedhas
Gozag
Hepliaklqana
Makhleb
Nemelex Xobeh
Okawaru
Qazlal
Uskayaw
Wu Jian
Zin
The Shining One

Shops:
D:2 (?*   D:6 **   D:7 =   D:8 *

Annotations:
D:8 exclusion: upstairs


Innate Abilities, Weirdness & Mutations

You have a beak for a mouth.
You have claws for feet.
Your magical nature lets you fly swiftly and evasively.


Message History

You kill Harold!
Harold looks down at his mortal wounds and cries, "But... this was my last day before retirement..."
Training target 3.0 for Evocations reached!
Your Evocations skill increases to level 3!
Things that are here:
a +0 glaive; a +0 scale mail; the human corpse of Harold The catoblepas bellows!
You hear a bellow!
The catoblepas breathes a plume of calcifying dust at you.
The blast of calcifying dust hits you.
Things that are here:
a +0 glaive; a +0 scale mail; the human corpse of Harold A yak comes into view.
The yak bellows!
You hear a bellow! x3
A yak is nearby!
The catoblepas breathes a plume of calcifying dust at you.
The blast of calcifying dust hits you.
You slash the catoblepas!
Your weapon exudes an aura of protection.
You claw the catoblepas.
The catoblepas is moderately wounded.
You are engulfed in calcifying dust.
You are slowing down.
A yak comes into view.
The catoblepas gores you!!
* * * LOW HITPOINT WARNING * * *
The catoblepas breathes a plume of calcifying dust at you.
The blast of calcifying dust hits you. The catoblepas gores you!!
* * * LOW HITPOINT WARNING * * *
The yak is engulfed in calcifying dust.
The yak is moving more slowly.
Your limbs are stiffening.
The catoblepas gores you.
* * * LOW HITPOINT WARNING * * *
You have turned to stone.
The catoblepas gores you!!
* * * LOW HITPOINT WARNING * * *
The yak is engulfed in calcifying dust.
The yak is moving more slowly.
The catoblepas barely misses you.
A yak comes into view.
The catoblepas gores you!
You die...

░...........§.
░.░..<....░.░
░.§§.......Y░.
░§░......§....
░.░░░░....░...
░.░ ░........
░)░░░░§.░.░░➘.
░....YY§░░░░..
░░....Q........
░.░░░░░░.░░.⚵.░
░░░ .░ ░.░ ░. .
░. ░. ░░


You could see a catoblepas and 2 yaks.

Vanquished Creatures
  Harold (Lair:1)
  2 skeletal warriors
  An unseen horror (D:10)
  A troll (D:9)
  2 wraiths
  2 shadows
  A yak (D:9)
  2 vampire mosquitoes (D:7)
  A steam dragon (D:6)
  2 wargs (D:9)
  Menkaure (D:6)
  5 orc warriors
  4 ice beasts
  A black bear (D:5)
  A sky beast (D:8)
  3 ogres
  A centaur (D:10)
  A phantom (D:5)
  2 kobold brigands
  3 bullfrogs
  A scorpion (D:7)
  19 wights
  13 killer bees
  4 electric eels (D:7)
  2 howler monkeys
  Crazy Yiuf (D:5)
  6 orc priests
  A hound (D:4)
  An iron imp (D:7)
  4 iguanas
  14 orc wizards
  A mummy (Ossuary)
  7 gnolls
  10 adders
  2 river rats (D:5)
  2 shadow imps
  A white imp (D:6)
  5 worms
  3 dart slugs
  36 orcs
  2 spectral bats (Ossuary)
  6 bats
  2 endoplasms
  2 giant cockroaches
  6 hobgoblins
  8 kobolds
  4 quokkas
  3 ball pythons
  4 bat simulacra (Ossuary)
  3 frilled lizards
  12 gnoll zombies (Ossuary)
  14 goblins
  A goblin simulacrum (Ossuary)
  A goblin skeleton (D:7)
  6 goblin zombies
  7 hobgoblin zombies
  A kobold simulacrum (Ossuary)
  3 kobold zombies (Ossuary)
  7 orc zombies
  7 rats
  5 rat simulacra (Ossuary)
  4 spectral goblins (Ossuary)
  3 spectral kobolds (Ossuary)
281 creatures vanquished.

Vanquished Creatures (others)
  An electric eel (D:7)
  A fungus (Lair:1)
  15 plants
17 creatures vanquished.

Grand Total: 298 creatures vanquished

Notes
Turn   | Place    | Note
-------+----------+-------------------------------------------
     0 | D:1      | utis the Tengu Wanderer began the quest for the Orb.
     0 | D:1      | utis set off with the following items: a +0 quarterstaff, a
                  | +0 pair of gloves, a scroll of teleportation {@r4}, a +0
                  | leather armour; and the following spell memorised: Shock;
                  | and the following spells available to memorise: Airstrike,
                  | Vhi's Electric Charge.
     0 | D:1      | Reached XP level 1. HP: 12/12 MP: 3/3
   235 | D:1      | Reached skill level 1 in Conjurations
   354 | D:1      | Reached XP level 2. HP: 16/16 MP: 2/4
  1110 | D:2      | Found Damnuol's General Store.
  1268 | D:2      | Found Nipep's Magic Scroll Shoppe.
  1294 | D:2      | Found Didwonta's Weapon Emporium.
  1337 | D:2      | Bought a scroll of identify for 20 gold pieces
  1371 | D:2      | Reached XP level 3. HP: 19/20 MP: 6/6
  1486 | D:2      | Identified the +3 leather armour of Wisdom {rF+ Str+5}
  1525 | D:2      | Learned a level 3 spell: Vhi's Electric Charge
  1927 | D:2      | Bought a scroll of identify for 20 gold pieces
  1963 | D:3      | Identified the +9 falchion of Xust {protect, rPois Int+2}
  2151 | D:3      | Found a sparkling altar of Nemelex Xobeh.
  2376 | D:3      | Reached XP level 4. HP: 25/25 MP: 7/7
  2550 | D:3      | Reached skill level 1 in Long Blades
  2574 | D:3      | Noticed an ogre
  2586 | D:3      | Killed an ogre
  2587 | D:3      | Gained mutation: Your magical nature lets you fly swiftly
                  | and evasively. [Tengu growth]
  2587 | D:3      | Reached XP level 5. HP: 31/31 MP: 1/8
  3068 | D:4      | Found a shadowy altar of Dithmenos.
  3171 | D:4      | Reached XP level 6. HP: 36/36 MP: 9/9
  3450 | D:4      | Learned a level 4 spell: Airstrike
  3629 | D:4      | Identified the +8 spear of Peril {heavy, Will- Int+6}
  3671 | D:4      | Found a blossoming altar of Fedhas.
  3676 | D:4      | Identified the +1 robe of Gatrosom {Harm Fly Int-2}
  4371 | D:2      | Bought 3 scrolls of identify for 60 gold pieces
  4428 | D:5      | Entered Level 5 of the Dungeon
  4495 | D:5      | Reached skill level 1 in Translocations
  4495 | D:5      | Reached skill level 7 in Air Magic
  4495 | D:5      | Reached XP level 7. HP: 41/41 MP: 11/11
  4832 | D:5      | Reached skill level 8 in Air Magic
  5104 | D:4      | Reached XP level 8. HP: 30/46 MP: 9/13
  5622 | D:5      | Found a runed translucent door.
  5641 | D:5      | Noticed Crazy Yiuf
  5755 | D:5      | Found a hazy altar of Hepliaklqana.
  5896 | D:5      | Reached skill level 9 in Air Magic
  6048 | D:5      | Killed Crazy Yiuf
  6089 | D:5      | Learned a level 3 spell: Mephitic Cloud
  6092 | D:5      | Learned a level 2 spell: Cigotuvi's Dreadful Rot
  6173 | D:2      | Bought a potion of might for 48 gold pieces
  6173 | D:2      | Bought a scroll of teleportation for 36 gold pieces
  6283 | D:6      | Found Fic Iboiso's General Store.
  6285 | D:6      | Found Waexkin's Specific Store.
  6428 | D:6      | Found a sand-covered staircase.
  6512 | D:6      | Noticed Menkaure
  6526 | D:6      | Killed Menkaure
  6527 | D:6      | Reached skill level 5 in Conjurations
  6641 | D:6      | Reached skill level 5 in Dodging
  6749 | Ossuary  | Entered an ossuary
  7770 | D:6      | Reached skill level 10 in Air Magic
  7793 | D:6      | Reached XP level 9. HP: 51/51 MP: 8/16
  8212 | D:5      | Reached skill level 1 in Shields
  8251 | D:6      | Bought a scroll of identify for 24 gold pieces
  8412 | D:7      | Found Daylurhu's Jewellery Shoppe.
  8417 | D:7      | Found a staircase to the Ecumenical Temple.
  8749 | D:7      | Learned a level 3 spell: Hailstorm
  8796 | D:7      | Found a glowing golden altar of the Shining One.
  8988 | D:7      | Reached skill level 1 in Ice Magic
  9694 | D:8      | Reached skill level 1 in Poison Magic
  9750 | D:8      | Reached XP level 10. HP: 50/58 MP: 15/17
 10002 | D:8      | Found an iron altar of Okawaru.
 10002 | D:8      | Found a hide-covered altar of Uskayaw.
 10002 | D:8      | Found a stormy altar of Qazlal.
 10002 | D:8      | Noticed a skeletal warrior
 10021 | D:8      | Killed a skeletal warrior
 10022 | D:8      | Reached skill level 5 in Fighting
 10135 | D:8      | Found Somegygg's Gadget Gallery.
 10654 | D:8      | Noticed a skeletal warrior
 10654 | D:8      | Noticed a skeletal warrior
 10719 | D:8      | shh.
 11103 | D:7      | Found a glowing golden altar of the Shining One.
 11184 | D:7      | Found Daylurhu's Jewellery Shoppe.
 11517 | D:7      | Found a staircase to the Ecumenical Temple.
 11878 | D:7      | Found a glowing golden altar of the Shining One.
 12111 | D:7      | Found a staircase to the Ecumenical Temple.
 12246 | D:7      | Found Daylurhu's Jewellery Shoppe.
 12330 | D:7      | Killed a skeletal warrior
 12331 | D:7      | Reached skill level 11 in Air Magic
 13087 | D:8      | Found a white marble altar of Elyvilon.
 13193 | D:9      | Found an opulent altar of Gozag.
 13518 | D:9      | Found an ornate altar of the Wu Jian Council.
 13709 | D:9      | Found a burning altar of Makhleb.
 14025 | D:9      | Found a staircase to the Lair.
 14155 | D:9      | Found a glowing silver altar of Zin.
 14162 | D:9      | Reached XP level 11. HP: 56/66 MP: 14/18
 14165 | D:9      | Learned a level 2 spell: Poisonous Vapours
 14354 | D:8      | Reached skill level 12 in Air Magic
 14356 | D:8      | Reached skill level 1 in Short Blades
 14511 | D:10     | Entered Level 10 of the Dungeon
 14689 | D:10     | Reached skill level 1 in Evocations
 15600 | Lair:1   | Entered Level 1 of the Lair of Beasts
 15600 | Lair:1   | Noticed Harold
 15787 | Lair:1   | Noticed a catoblepas
 15809 | Lair:1   | Killed Harold
 15831 | Lair:1   | HP: 2/66 [catoblepas (13)]
 15833 | Lair:1   | Slain by a catoblepas

Illustrated notes

░░░░░░░░░░ ░.░
░........░░░░░░░░░░░░.░░
░........'..............
░........░░░░░░░░░░░░...
░........░░....░░░░ ░...
░........''.......░ ░...
░........░░....░░.░ ░...
░░░░░'░.░░░░░░░░░.░ ░...
░░░░░░░.░Q..░ ░░░░.░ ░.░░
░.....░.░z░.░ ░....░ ░.░
░░░░░░░░.....░.░.░.░ ░....░ ░.
.......'.......░.░.░ ░....░ ░.
░░░░░░░░.......░.░.░░░░....░░░.░
.............░.░.░)░...........░
░............░.░.░.░.░░....░░░░░░
░........░░░░░.░.░z░.░░░░░.░░....
░░░...░░░░░░░░.░..)...░░░░.░░....


Turn 10719 on D:8: shh.

Levels and vault maps discovered:
D:1:      nzn_arrival_settlement, layout_loops_cross, serial_bayou_ford_a
D:2:      cheibrodos_old_hovel, layout_rooms, serial_shops,
          nicolae_shop_advertising_works [nicolae_subvault_shop_adworks],
          nicolae_shop_bloodbath_and_beyond, nicolae_shop_crystal
D:3:      layout_basic, nemelex_altar_shiori, serial_rivers,
          chequers_serial_rivers_small_b, chequers_serial_rivers_micro_d,
          chequers_serial_rivers_micro_c, chequers_serial_rivers_large_a,
          chequers_serial_rivers_room_a, minivault_27, grunt_ministairs_7,
          kennysheep_path_1, dk_noncrumbling_3, chequers_serial_rivers_small_3,
          minmay_ogre_servants
D:4:      layout_layer_cave, mainiacjoe_overflow_boulevard,
          grunt_dithmenos_smoke
D:5:      layout_cave_pools, worldfamousw_hep_ancestral_shrine,
          lightli_sewer_entry_pipes, uniq_crazy_yiuf_cottage
D:6:      layout_basic, nicolae_ossuary_entry_false_entrances, st_stairs_2,
          minmay_misc_feat_room, nicolae_specific_store, uniq_menkaure
D:7:      wad_lake_hut, layout_gridville, nicolae_tso_besieged_by_evil,
          minmay_temple_entry_offerings, serial_shops, nicolae_take_the_stairs
D:8:      layout_basic, grunt_temple_overflow_cloverleaf, nicolae_shop_gadgets
D:9:      layout_gridville, pdpol_temple_overflow_zin_treasury_gozag_greed,
          marbit_many_paths, nzn_wu_jian_council_hall,
          erik_lair_orcish_takeover, enter_bailey_3, columned_hall_lemuel
D:10:     layout_long_grid
Lair:1:   layout_loops_ring, grunt_megastairs_1, uniq_harold

Skill      XL: |  1  2  3  4  5  6  7  8  9 10 11 |
---------------+----------------------------------+-----
Conjurations   | 1 2 3 4 5 6 8 |  8.0
Long Blades    | 2 3 4 |  4.0
Fighting       | 2 3 4 6 |  6.7
Dodging        | 3 4 5 6 8 9 |  9.6
Spellcasting   | 2 3 4 |  4.0
Translocations | 1 2 |  2.0
Air Magic      | 7 8 10 11 12 | 12.0
Shields        | 4 |  4.0
Ice Magic      | 2 |  2.0
Poison Magic   | 1 2 |  2.0
Short Blades   | 1 |  1.2
Evocations     | 3 |  3.0
Staves         | |  1.1

Action                     |  1- 3 |  4- 6 |  7- 9 | 10-12 || total
---------------------------+-------+-------+-------+-------++-------
  Melee: Quarterstaff      |    31 |       |       |     1 ||    32
         Kick              |    11 |    11 |    27 |    37 ||    86
         Peck              |     6 |     7 |    19 |    18 ||    50
         Falchion          |     8 |    53 |   131 |   105 ||   297
         Punch             |       |       |     1 |       ||     1
   Cast: Shock             |    37 |    44 |   176 |   168 ||   425
         Vhi's Electric Ch |       |       |     3 |     1 ||     4
         Airstrike         |       |       |     4 |    13 ||    17
         Mephitic Cloud    |       |       |     5 |       ||     5
         Hailstorm         |       |       |       |     1 ||     1
  Evoke: Wand              |       |       |       |     7 ||     7
    Use: Scroll            |     4 |     4 |     6 |     2 ||    16
         Potion            |       |       |       |     3 ||     3
   Stab: Sleeping          |       |       |     3 |       ||     3
         Confused          |       |       |     3 |       ||     3
 Armour: Leather armour    |    10 |    21 |    43 |    49 ||   123
  Dodge: Dodged            |    34 |    45 |   182 |   214 ||   475
         Repelled          |       |     1 |     1 |       ||     2
  Block: Buckler           |       |       |    14 |    82 ||    96

Table legend: (Time is in decaauts)
 A = Elapsed time spent in this place.
 B = Non-inter-level travel time spent in this place.
 C = Inter-level travel time spent in this place.
 D = Time resting spent in this place.
 E = Time spent auto-exploring this place.
 F = Levels seen in this place.
 G = Mean time per level.
                   A        B        C        D        E       F      G
               +--------+--------+--------+--------+--------+-----+--------+
         Total |  15082 |  13960 |   1122 |   3494 |   6686 |  12 | 1256.8 |
       Dungeon |  14106 |  12984 |   1122 |   3073 |   6488 |  10 | 1410.6 |
          Lair |     53 |     53 |      0 |      0 |      0 |   1 |   53.0 |
       Ossuary |    922 |    922 |      0 |    421 |    198 |   1 |  922.0 |
               +--------+--------+--------+--------+--------+-----+--------+

Top non-repeatable levels by time:
     D:7: 2783 daAuts
     D:8: 1662 daAuts
     D:4: 1494 daAuts
     D:9: 1351 daAuts
     D:5: 1339 daAuts
     D:3: 1273 daAuts
     D:6: 1174 daAuts
     D:1: 1112 daAuts
    D:10: 1007 daAuts
 Ossuary: 922 daAuts
     D:2: 907 daAuts
  Lair:1: 53 daAuts
